 Dungeon Crawl Stone Soup version 0.25-a0-185-g6cfeca7 (webtiles) character file.

Game seed: 11539661929843466646, levelgen mode: deterministic

26124 SkilledAtDying the Spear-Bearer (level 13, 0/84 HPs)
             Began as a Tengu Fire Elementalist on Nov 28, 2019.
             Was an Initiate of Gozag.
             Slain by a wyvern (15 damage)
             ... on level 1 of the Lair of Beasts.
             The game lasted 00:31:09 (22876 turns).

SkilledAtDying the Spear-Bearer (TeFE)             Turns: 22876, Time: 00:31:10

Health: 0/84       AC:  7    Str: 17    XL:     13   Next: 24%
Magic:  0/26       EV: 14    Int: 18    God:    Gozag
Gold:   506        SH: 14    Dex: 15    Spells: 10/16 levels left

rFire    + . .     SeeInvis .   a - +6 broad axe (flame)
rCold    . . .     Gourm    .   b - +2 shield
rNeg     + . .     Faith    .   C - +2 leather armour of Quptocih {rF+ Str+6}
rPois    .         Spirit   +   (helmet restricted)
rElec    .         Reflect  .   v - scarf {Spirit}
rCorr    .         Harm     .   u - +1 pair of gloves
MR       .....                  (boots unavailable)
Stlth    ++........             s - amulet of rage
HPRegen  0.24/turn              p - ring of positive energy
MPRegen  0.20/turn              R - ring of magical power

@: flying quickly and evasively, slowed, very slow
A: beak, talons 3, able to fly
a: Stop Flying, Potion Petition, Call Merchant, Bribe Branch, Renounce Religion,
Evoke Berserk Rage


You were on level 1 of the Lair of Beasts.
You worshipped Gozag.
Gozag was pleased with you.
You were not hungry.

You visited 3 branches of the dungeon, and saw 14 of its levels.
You also visited: Sewer, Ice Cave and Volcano.

You collected 3351 gold pieces.
You spent 1165 gold pieces at shops.
You paid 1680 gold pieces to Gozag.

Inventory:

Hand Weapons
 a - a +6 broad axe of flaming (weapon)
 I - a +2 broad axe of flaming
Missiles
 f - 9 poisoned darts
 L - 16 curare-tipped darts (quivered)
Armour
 b - a +2 shield (worn)
 u - a +1 pair of gloves (worn)
 v - a scarf of spirit shield (worn)
 C - the +2 leather armour of Quptocih (worn) {rF+ Str+6}
   (You found it on level 7 of the Dungeon)

   It affects your strength (+6).
   It protects you from fire.
 Q - a +1 chain mail of fire resistance
Jewellery
 j - an uncursed amulet of the acrobat
 p - a ring of positive energy (left hand)
 r - an uncursed ring of fire
 s - an amulet of rage (around neck)
 R - a ring of magical power (right hand)
 S - an uncursed ring of ice
Wands
 t - a wand of enslavement (1)
 w - a wand of acid (5)
 K - a wand of flame (13)
 N - a wand of paralysis (5)
Scrolls
 i - 8 scrolls of remove curse
 n - a scroll of enchant armour
 x - 3 scrolls of amnesia
 y - a scroll of fog
 J - a scroll of teleportation
 M - 3 scrolls of identify
Potions
 e - 3 potions of curing
 h - 3 potions of lignification {unknown}
 k - a potion of ambrosia {unknown}
 m - 5 potions of brilliance
 o - 2 potions of might
 A - a potion of mutation {unknown}
 F - a potion of haste {unknown}
 G - a potion of cancellation {unknown}
 T - a potion of berserk rage
Miscellaneous
 O - a phantom mirror
Comestibles
 c - 11 rations


   Skills:
 + Level 11.2 Fighting
 * Level 10.6(13.0) Axes
   Level 12.4(13.8) Polearms
 - Level 3.2 Dodging
 - Level 2.0 Stealth
 + Level 10.8 Shields
 - Level 2.3 Spellcasting
 - Level 2.9 Conjurations
 - Level 3.6 Fire Magic


You had 10 spell levels left.
You knew the following spells:

 Your Spells              Type           Power        Failure   Level  Hunger
a - Flame Tongue          Conj/Fire      ##...        10%         1    #......
c - Throw Flame           Conj/Fire      ##....       14%         2    ##.....
e - Conjure Flame         Conj/Fire      ##......     28%         3    ###....

Your spell library contained the following spells:

 Spells                   Type           Power        Failure   Level  Hunger
 Animate Skeleton         Necr           N/A          36%         1    #......
 Beastly Appendage        Tmut           #.....       36%         1    #......
 Confusing Touch          Hex            #.....       36%         1    #......
 Pain                     Necr           #...         36%         1    #......
 Sandblast                Erth           #.....       36%         1    #......
 Inner Flame              Hex/Fire       #.......     47%         3    ###....
 Passwall                 Tmut/Erth      #.......     50%         2    ##.....
 Sticks to Snakes         Tmut           #.......     50%         2    ##.....
 Stone Arrow              Conj/Erth      #.....       52%         3    ###....
 Sticky Flame             Conj/Fire      ##......     67%         4    #####..
 Confuse                  Hex            #.......     73%         3    ###....
 Gell's Gravitas          Tloc           #.........   73%         3    ###....
 Regeneration             Chrm/Necr      #.........   73%         3    ###....
 Spider Form              Tmut/Pois      #.........   73%         3    ###....
 Vampiric Draining        Necr           #.........   73%         3    ###....
 Fireball                 Conj/Fire      ##........   95%         5    ######.
 Animate Dead             Necr           N/A          98%         4    #####..
 Ice Form                 Ice/Tmut       #.......     98%         4    #####..
 Petrify                  Tmut/Erth      #.......     98%         4    #####..
 Blade Hands              Tmut           #.........   100%        5    ######.
 Lee's Rapid Deconstruct  Erth           #.........   100%        5    ######.
 Metabolic Englaciation   Hex/Ice        #.........   100%        5    ######.
 Yara's Violent Unravell  Hex/Tmut       #.........   100%        5    ######.


Dungeon Overview and Level Annotations

Branches:
Dungeon (11/15)            Temple (1/1) D:4            Lair (2/6) D:10
 Shoals (0/4) Lair:2        Snake (0/4) Lair:2          Orc (0/2) D:11
  Sewer (visited)           IceCv (visited)         Volcano (visited)

Altars:
Ashenzari
Cheibriados
Dithmenos
Elyvilon
Fedhas
Gozag
Hepliaklqana
Kikubaaqudgha
Makhleb
Nemelex Xobeh
Okawaru
Qazlal
Ru
Sif Muna
Trog
Uskayaw
Vehumet
Wu Jian
Xom
Yredelemnul
Zin
The Shining One

Shops:
D:4 *   D:10 **(   D:11 (

Annotations:
D:11 Urug


Innate Abilities, Weirdness & Mutations

You have a beak for a mouth.
You have claws for feet.
You can fly continuously.


Message History

You block the wyvern's attack.
You slash the wyvern! You burn the wyvern.
The wyvern is heavily wounded.
You hit the plant but do no damage. You block the wyvern's attack.
Unknown command.
You closely miss the wyvern. Your kick misses the wyvern. You peck the wyvern.
The wyvern is severely wounded.
You hit the plant. You burn the plant. You block the wyvern's attack.
The wyvern closely misses you. You block the wyvern's attack.
Unknown command.
You hit the wyvern. You burn the wyvern. You claw the wyvern.
You peck the wyvern, but do no damage.
The wyvern is almost dead.
You slash the plant! You burn the plant.
You destroy the plant!
The wyvern closely misses you. The wyvern bites you!
* * * LOW HITPOINT WARNING * * *
You feel better. The wyvern bites you!!
You die...
Your body crumbles into a pile of gold.

#.....## #
##.....####
#...####.. ###
##...# #...
###P####.#.## ##..
#...........# #...
##.###..####.###...
#...##### #.#.....
##@## #..#.... ##l#
#..#.... #:S##
##.#.... ##..##
##.#... #...##
#.###. #....####
#..### ##.......##
#..### #...>.≈≈≈≈##
##..# ##.≈≈≈≈≈≈≈≈.#
##.#


You could see a water moccasin and a wyvern.

Vanquished Creatures
  A stone giant (Volcano)
  Snorg (D:10)
  Erolcha (D:10)
  A hydra (D:8)
  Fannar (Lair:1)
  4 two-headed ogres
  Nergalle (Lair:1)
  Sonja (Lair:1)
  2 wizards (D:10)
  A cyclops (D:11)
  An elephant (D:10)
  An ice statue (IceCv)
  A spiny frog (Lair:1)
  3 gargoyles
  An efreet (Volcano)
  A freezing wraith (D:9)
  2 komodo dragons (Lair:1)
  4 trolls
  6 polar bears (IceCv)
  2 hippogriffs
  2 dream sheep (D:7)
  16 yaks
  A hungry ghost (D:11)
  2 basilisks
  2 fire elementals (Volcano)
  Menkaure (D:6)
  6 water moccasins
  A soldier ant (D:11)
  A porcupine (Lair:1)
  4 sky beasts
  7 ogres
  3 ice beasts
  5 orc warriors (D:11)
  A black bear (D:6)
  A necrophage (D:10)
  9 wolves
  4 phantoms
  7 centaurs
  5 crocodiles
  5 big kobolds
  An earth elemental (Volcano)
  9 bullfrogs
  3 scorpions
  3 wights (D:9)
  15 killer bees
  An electric eel (Lair:1)
  5 howler monkeys
  14 crimson imps
  A bullfrog zombie (D:4)
  2 orc priests
  A centaur zombie (D:11)
  A gnoll shaman (D:9)
  2 hounds (D:5)
  4 jellies
  A bullfrog skeleton (D:9)
  An iguana (D:4)
  6 orc wizards
  8 worker ants
  4 worker ant zombies
  A howler monkey zombie (D:10)
  5 gnolls (D:9)
  11 adders
  A river rat (Sewer)
  2 shadow imps
  3 white imps (D:7)
  An ooze (D:1)
  An adder zombie (D:5)
  4 worms
  3 dart slugs
  6 leopard geckos
  28 orcs
  9 bats
  5 giant cockroaches
  6 goblins
  8 hobgoblins
  11 jackals
  3 quokkas
  A ball python (D:5)
  7 frilled lizards
  A jackal zombie (D:8)
  10 kobolds
  A leopard gecko zombie (D:7)
  A quokka zombie (D:7)
  6 rats
  A plant (Lair:1)
337 creatures vanquished.

Vanquished Creatures (collateral kills)
  A two-headed ogre (D:10)
  3 wights (D:10)
  A crimson imp (D:10)
  An orc wizard (D:4)
  A leopard gecko (D:5)
7 creatures vanquished.

Vanquished Creatures (others)
  3 polar bears (IceCv)
  3 wolves (IceCv)
  An ogre (D:6)
  A scorpion (D:5)
8 creatures vanquished.

Grand Total: 352 creatures vanquished

Notes
Turn   | Place    | Note
-------+----------+-------------------------------------------
     0 | D:1      | SkilledAtDying the Tengu Fire Elementalist began the quest
                  | for the Orb.
     0 | D:1      | Reached XP level 1. HP: 10/10 MP: 4/4
   305 | D:1      | Reached XP level 2. HP: 16/16 MP: 4/6
   620 | D:1      | Reached XP level 3. HP: 20/20 MP: 2/7
   799 | D:1      | Reached skill level 1 in Fighting
  1170 | D:2      | You fall into a shaft and drop 2 floors!
  1170 | D:4      | Found a staircase to the Ecumenical Temple.
  1171 | D:4      | Noticed a phantom
  1178 | Temple   | Entered the Ecumenical Temple
  1212 | Temple   | Became a worshipper of Gozag Ym Sagoz the Greedy
  1231 | D:4      | Killed a phantom
  1231 | D:4      | Reached skill level 2 in Polearms
  1231 | D:4      | Reached XP level 4. HP: 24/26 MP: 8/8
  1231 | D:4      | Gained mutation: You can fly continuously. [Tengu growth]
  1231 | D:4      | Reached XP level 5. HP: 28/30 MP: 9/9
  1264 | D:4      | Noticed an ogre
  1282 | D:4      | Killed an ogre
  1282 | D:4      | Reached skill level 3 in Polearms
  1282 | D:4      | Reached skill level 1 in Shields
  1828 | D:4      | HP: 3/31 [poisoned by a worker ant]
  2120 | D:4      | Reached XP level 6. HP: 22/36 MP: 10/10
  2335 | D:4      | Learned a level 3 spell: Conjure Flame
  2338 | D:4      | Learned a level 2 spell: Throw Flame
  2714 | D:2      | Found an iron altar of Okawaru.
  2802 | D:2      | Reached skill level 4 in Polearms
  2974 | D:2      | Found a radiant altar of Vehumet.
  2974 | D:2      | Found an ancient bone altar of Kikubaaqudgha.
  2976 | D:2      | Found a shimmering blue altar of Sif Muna.
  2995 | D:2      | Identified Sif Muna's Reference Book on Transmigration
  3756 | D:3      | Found a glowing golden altar of the Shining One.
  4654 | D:4      | Reached XP level 7. HP: 37/41 MP: 2/11
  4749 | D:4      | Reached skill level 5 in Polearms
  5058 | D:4      | Found Hongoj's Assorted Antiques.
  5064 | D:4      | Bought a glowing jade amulet for 120 gold pieces
  5064 | D:4      | Bought a scroll of identify for 48 gold pieces
  5064 | D:4      | Bought a wooden wand for 96 gold pieces
  5912 | D:4      | Found a stormy altar of Qazlal.
  6073 | D:5      | Entered Level 5 of the Dungeon
  6153 | D:5      | Reached skill level 6 in Polearms
  6590 | D:5      | Reached XP level 8. HP: 32/48 MP: 12/12
  7214 | D:4      | Reached skill level 7 in Polearms
  7627 | D:5      | Found an iron altar of Okawaru.
  7627 | D:5      | Found a hide-covered altar of Uskayaw.
  7629 | D:5      | Found a basalt altar of Yredelemnul.
  8077 | D:6      | Reached skill level 5 in Fighting
  8105 | D:6      | Found a glowing drain.
  8106 | D:6      | Noticed a two-headed ogre
  8127 | D:6      | Killed a two-headed ogre
  8127 | D:6      | Reached skill level 8 in Polearms
  8127 | D:6      | Reached skill level 5 in Shields
  8127 | D:6      | Reached XP level 9. HP: 39/55 MP: 7/13
  8222 | Sewer    | Entered a sewer
  8397 | Sewer    | Reached skill level 9 in Polearms
  8430 | Sewer    | Found a white marble altar of Elyvilon.
  8561 | D:6      | Noticed Menkaure
  8575 | D:6      | Killed Menkaure
  8899 | D:6      | Found a snail-covered altar of Cheibriados.
  9753 | D:7      | Reached skill level 10 in Polearms
 10007 | D:7      | Reached XP level 10. HP: 45/61 MP: 11/14
 10162 | D:7      | Found a white marble altar of Elyvilon.
 10581 | D:7      | Found a burning altar of Makhleb.
 10664 | D:7      | Got an ancient leather armour
 10675 | D:7      | Identified the +2 leather armour of Quptocih {rF+ Str+6}
                  | (You found it on level 7 of the Dungeon)
 11102 | D:8      | Found a hazy altar of Hepliaklqana.
 11448 | D:8      | Reached skill level 11 in Polearms
 11925 | D:8      | Noticed a three-headed hydra
 11958 | D:8      | Killed a one-headed hydra
 12374 | D:9      | Reached skill level 12 in Polearms
 12522 | D:9      | Reached XP level 11. HP: 68/68 MP: 15/15
 12784 | D:9      | Noticed a cyclops
 13327 | D:10     | Entered Level 10 of the Dungeon
 13508 | D:10     | Found a staircase to the Lair.
 13508 | D:10     | Noticed Snorg
 13827 | D:10     | Noticed a wizard
 13828 | D:10     | Found Hask's Weapon Shop.
 13836 | D:10     | Killed a wizard
 13840 | D:10     | Noticed a two-headed ogre
 13840 | D:10     | Noticed a two-headed ogre
 13864 | D:10     | Killed a two-headed ogre
 14037 | D:10     | Bought a +4 broad axe of flaming for 408 gold pieces
 14074 | D:10     | Found Vicaacuh's Assorted Antiques.
 14225 | D:10     | Killed a two-headed ogre
 14225 | D:10     | Reached skill level 1 in Axes
 14389 | D:10     | Noticed a wizard
 14532 | D:10     | Killed a wizard
 14598 | D:10     | Noticed a two-headed ogre
 14607 | D:10     | Got a heavily jewelled robe
 14732 | D:10     | Bought a scroll of identify for 68 gold pieces
 14732 | D:10     | Bought a scroll of magic mapping for 119 gold pieces
 14732 | D:10     | Bought a crystal broad axe for 306 gold pieces
 14732 | D:10     | Identified the cursed +1 broad axe of the Shark {flame,
                  | Int+4 Dex+2} (You bought it in a shop on level 10 of the
                  | Dungeon)
 14943 | D:10     | Noticed Erolcha
 14953 | D:10     | Killed Erolcha
 15041 | D:10     | Killed Snorg
 15099 | D:10     | Reached skill level 5 in Axes
 15121 | D:10     | Killed a two-headed ogre
 15258 | D:10     | Reached XP level 12. HP: 65/77 MP: 13/16
 15742 | D:10     | Found Urecs's General Store.
 16073 | D:11     | Reached skill level 10 in Fighting
 16124 | D:11     | Noticed a two-headed ogre
 16139 | D:11     | Killed a two-headed ogre
 16370 | D:11     | Noticed Urug
 16424 | D:11     | Found a frozen archway.
 16445 | IceCv    | Entered an ice cave
 17237 | IceCv    | HP: 3/77 [ice statue/bolt of cold (21)]
 18310 | IceCv    | Reached skill level 10 in Shields
 19237 | D:11     | Found Toygg's Weapon Emporium.
 19239 | D:11     | Found a staircase to the Orcish Mines.
 19901 | D:11     | Paralysed by an orc for 7 turns
 20124 | D:11     | Found a shimmering altar of Xom.
 20312 | Lair:1   | Entered Level 1 of the Lair of Beasts
 20495 | Lair:1   | Noticed Sonja
 20506 | Lair:1   | Killed Sonja
 21236 | Lair:1   | Noticed Nergalle
 21361 | Lair:1   | Killed Nergalle
 21535 | Lair:1   | Noticed Fannar
 21551 | Lair:1   | Killed Fannar
 21551 | Lair:1   | Reached skill level 10 in Axes
 21551 | Lair:1   | Reached XP level 13. HP: 84/84 MP: 17/17
 21805 | Lair:2   | Found a dark tunnel.
 21814 | Volcano  | Entered a volcano
 21892 | Volcano  | Noticed a stone giant
 21910 | Volcano  | Killed a stone giant
 22372 | Lair:2   | Found a staircase to the Snake Pit.
 22875 | Lair:1   | HP: 8/84 [wyvern (11)]
 22876 | Lair:1   | Slain by a wyvern

Levels and vault maps discovered:
D:1:      eino_arrival_tree_alley, layout_basic
D:2:      layout_loops_ring, grunt_temple_overflow_magic_moments,
          okawaru_ov_weapons_minmay
D:3:      layout_loops_ring, lemuel_round_altar, first_ration, minivault_11
D:4:      minmay_angry_zag, layout_basic, nicolae_qazlal_eye_of_the_storm,
          minmay_temple_entry_statues, serial_shops, shop
D:5:      layout_basic, grunt_temple_overflow_open, minmay_chambers_of_fives
D:6:      layout_rooms, cheibriados_altar_1, gup_sewer_entry_glass,
          uniq_menkaure
D:7:      layout_loops_cross, makhleb_grotto_becter, kennysheep_mini,
          enter_bailey_6, minmay_nine_imps
D:8:      layout_loops_ring, marbit_many_paths, hangedman_ranch
          [blue_anna_fruit_fields], chequers_serial_rivers_room_b
D:9:      layout_irregular_city
D:10:     layout_stronghold, david_lair_generic, serial_shops,
          nicolae_shop_statue_plus, nicolae_shop_overgrown_old_shop,
          kennysheep_mini_moat, lightli_wizard_tower, uniq_erolcha, uniq_snorg
D:11:     layout_loops_ring, orc_david_3, serial_glass, glass_columns_a,
          glass_columns_b, glass_columns_b, glass_columns_a,
          portal_ice_cave_entry_pillars_2, kennysheep_diamond, uniq_urug
Temple:   eino_temple_lava
Lair:1:   layout_cave_pods, st_stairs_8, infiniplex_staircase_pool,
          serial_bayou_shore_b, uniq_nergalle, uniq_fannar, uniq_sonja
Lair:2:   regret_index_tunnel_blossom, layout_cave_pods, shoals_dummy_entry,
          minmay_snake_entry_spellcaster, nicolae_volcano_entry_lava_flow,
          ldierk_geyser

Skill      XL: |  1  2  3  4  5  6  7  8  9 10 11 12 |
---------------+-------------------------------------+-----
Conjurations   | 2 |  2.9
Fighting       | 2 3 4 5 6 8 9 11 | 11.2
Polearms       | 2 3 4 6 8 10 12 | 12.4
Shields        | 1 2 3 5 6 7 9 10 | 10.8
Dodging        | 3 |  3.2
Axes           | 5 10 | 10.6
Stealth        | |  2.0
Spellcasting   | |  2.3
Fire Magic     | |  3.6

Action                   |  1- 3 |  4- 6 |  7- 9 | 10-12 | 13-15 || total
-------------------------+-------+-------+-------+-------+-------++-------
Melee: Short sword       |     4 |       |       |       |       ||     4
       Spear             |    31 |   157 |   544 |   858 |       ||  1590
       Kick              |     7 |    29 |   109 |   309 |    29 ||   483
       Peck              |     2 |    16 |    81 |   203 |    15 ||   317
       Hand axe          |       |       |       |     3 |       ||     3
       Broad axe         |       |       |       |    91 |    74 ||   165
Throw: Dart              |       |       |       |    12 |       ||    12
 Cast: Flame Tongue      |    27 |    16 |    21 |       |       ||    64
       Conjure Flame     |       |     2 |     4 |     4 |       ||    10
       Throw Flame       |       |     1 |     6 |     2 |       ||     9
Invok: Potion Petition   |     1 |       |       |     2 |     2 ||     5
 Abil: Fly               |       |     1 |       |       |       ||     1
       Evoke Berserk Rag |       |       |       |     1 |     1 ||     2
Evoke: Wand              |       |       |     8 |    22 |       ||    30
  Use: Scroll            |       |     3 |     6 |     6 |     7 ||    22
       Potion            |       |       |       |     4 |     7 ||    11
 Stab: Sleeping          |     5 |     6 |     7 |    10 |     1 ||    29
       Invisible         |     1 |       |       |       |     2 ||     3
       Distracted        |       |       |     3 |     3 |       ||     6
       Paralysed         |       |       |       |     2 |       ||     2
  Eat: Chunk             |     1 |       |       |       |       ||     1
       Ration            |       |     4 |     5 |    10 |     2 ||    21
Armor: Robe              |     9 |     5 |       |       |       ||    14
       Ring mail         |       |     3 |    89 |     4 |       ||    96
       Leather armour    |       |       |       |    71 |    21 ||    92
Dodge: Dodged            |    28 |   100 |   178 |   214 |    71 ||   591
Block: Buckler           |       |    17 |    58 |       |       ||    75
       Shield            |       |       |    77 |   239 |   101 ||   417

Table legend:
 A = Non-vault XP
 B = Vault XP
 C = Vault XP percentage of total XP
 D = Non-vault monster count
 E = Vault monster count
 F = Vault count percentage of total count
                 A         B        C        D         E       F
            +---------+---------+-------+---------+---------+-------
      Total |   18331 |   18989 |  50.9 |     235 |     108 |  31.5
            +---------+---------+-------+---------+---------+-------
        D:1 |      48 |       0 |   0.0 |      23 |       0 |   0.0
        D:2 |      55 |       0 |   0.0 |      21 |       0 |   0.0
        D:3 |      75 |       0 |   0.0 |      11 |       0 |   0.0
        D:4 |     878 |     155 |  15.0 |      24 |       2 |   7.7
        D:5 |     657 |      97 |  12.9 |      15 |       4 |  21.1
        D:6 |    1708 |     267 |  13.5 |      18 |       8 |  30.8
        D:7 |     947 |    1118 |  54.1 |      15 |      13 |  46.4
        D:8 |     999 |    1415 |  58.6 |      21 |       5 |  19.2
        D:9 |    1789 |       0 |   0.0 |      23 |       0 |   0.0
       D:10 |    5437 |    3855 |  41.5 |      23 |       8 |  25.8
       D:11 |    3232 |     807 |  20.0 |      27 |      11 |  28.9
     Lair:1 |    2153 |    3003 |  58.2 |      12 |       8 |  40.0
     Lair:2 |     353 |     596 |  62.8 |       2 |       8 |  80.0
      Sewer |       0 |     124 | 100.0 |       0 |       9 | 100.0
      IceCv |       0 |    4441 | 100.0 |       0 |      25 | 100.0
    Volcano |       0 |    3111 | 100.0 |       0 |       7 | 100.0
            +---------+---------+-------+---------+---------+-------
